 Dungeon Crawl Stone Soup version 0.31-a0-925-g0a390f2509 (webtiles) character file.

Game seed: 660752655583614948

384 senseless the Ruffian (level 6, -3/70 HPs)
             Began as a Gnoll Shapeshifter on Oct 18, 2023.
             Was a Believer of Trog.
             Slain by an ogre
             ... wielding a +0 giant club
              (15 damage)
             ... on level 4 of the Dungeon.
             The game lasted 00:07:37 (3159 turns).

senseless the Ruffian (Gnoll Shapeshifter)          Turns: 3159, Time: 00:07:37

Health: -3/70      AC: 23    Str: 16    XL:     6   Next: 77%
Magic:  9/9        EV:  2    Int:  9    God:    Trog [**....]
Gold:   186        SH:  0    Dex: 11    Spells: 9/9 levels left

rFire   + . .        g - +1 short sword (speed)
rCold   + . .        (no shield)
rNeg    . . .        q - melded +2 robe {rN+}
rPois   +            (helmet currently unavailable)
rElec   +            (cloak currently unavailable)
rCorr   +            (gloves currently unavailable)
SInv    .            (boots currently unavailable)
Will    .....        o - amulet of the acrobat
Stlth   ++           u - +5 ring of evasion
HPRegen 0.31/turn    (no ring)
MPRegen 0.11/turn

%: acrobat
@: tree-form, resistant
A: stationary, stasis, torment immunity, boosted hp, (fangs 1), strong nose,
distributed training
a: Renounce Religion, Berserk, Trog's Hand


You were on level 4 of the Dungeon.
You worshipped Trog.
Trog was pleased with you.
You were a tree.
You visited 1 branch of the dungeon, and saw 4 of its levels.

You collected 278 gold pieces.
You spent 92 gold pieces at shops.

Inventory:

Hand Weapons
 g - a +1 short sword of speed (weapon)
Armour
 a - a +0 animal skin
 k - a scarf of invisibility
 m - a +1 ring mail
 q - a +2 robe of positive energy (melded)
Jewellery
 o - an amulet of the acrobat (around neck)
 u - a +5 ring of evasion (left branch)
Talismans
 c - a beast talisman
 d - a flux talisman
Wands
 w - a wand of flame (29) (quivered)
Scrolls
 e - a scroll of silence
 h - a scroll of poison
Potions
 b - 2 potions of lignification
 j - a potion of curing
 l - a potion of berserk rage {unknown}
 s - a potion of heal wounds {unknown}
 t - 2 potions of mutation {unknown}
 v - a potion of resistance


   Skills:
 + Level 3.3 Fighting
 + Level 2.1 Short Blades
 + Level 2.1 Long Blades
 + Level 2.1 Axes
 + Level 2.1 Maces & Flails
 + Level 2.1 Polearms
 + Level 2.1 Staves
 + Level 2.1 Ranged Weapons
 + Level 2.1 Throwing
 + Level 2.1 Armour
 + Level 5.0 Dodging
 + Level 2.1 Stealth
 + Level 2.1 Shields
 + Level 6.9 Unarmed Combat
 + Level 2.1 Spellcasting
 + Level 1.7 Conjurations
 + Level 1.7 Hexes
 + Level 1.7 Summonings
 + Level 1.7 Necromancy
 + Level 1.7 Translocations
 + Level 1.7 Transmutations
 + Level 1.7 Fire Magic
 + Level 1.7 Ice Magic
 + Level 1.7 Air Magic
 + Level 1.7 Earth Magic
 + Level 1.7 Poison Magic
 + Level 2.3 Invocations
 + Level 2.1 Evocations
 + Level 6.8 Shapeshifting


You had 9 spell levels left.
You didn't know any spells.
Your spell library contained the following spells:

 Spells                   Type           Power      Damage    Failure   Level
 Summon Small Mammal      Summ           16%        N/A       16%         1
 Call Canine Familiar     Summ           4%         N/A       43%         3
 Summon Guardian Golem    Hex/Summ       4%         N/A       43%         3


Dungeon Overview and Level Annotations

Branches:
Dungeon (4/15)
 Temple: D:4-7

Altars:
Qazlal
Trog
Wu Jian
The Shining One

Shops:
D:2 *


Innate Abilities, Weirdness & Mutations

You are a tree.
Your roots penetrate the ground, keeping you stationary.
You cannot be teleported.
You are immune to unholy pain and torment.
Your maximum health is greatly increased.
Your equipment is partially melded.
((You have very sharp teeth.))
Your uncanny sense of smell can sniff out nearby items.
Your experience applies equally to all skills.


Message History

You feel less protected from negative energy.
Your roots penetrate the ground.
The howler monkey hits you but does no damage.
You hit the ogre but do no damage.
An orc priest comes into view. It is wielding a +0 trident.
The howler monkey hits you but does no damage.
The ogre hits you with a +0 giant club!
* * * LOW HITPOINT WARNING * * *
You hit the ogre but do no damage.
The howler monkey hits you but does no damage.
You feel better. The ogre hits you with a +0 giant club!
* * * LOW HITPOINT WARNING * * *
The howler monkey hits you but does no damage.
You hit the ogre.
The ogre is lightly wounded.
You barely miss the ogre.
The ogre is lightly wounded.
The howler monkey hoots and howls with incredible vigour!
The orc priest casts a cantrip, but nothing happens.
The ogre barely misses you.
You hear a shout!
You hit the ogre.
The ogre is moderately wounded.
The howler monkey hits you.
* * * LOW HITPOINT WARNING * * *
You hit the ogre but do no damage.
The ogre is moderately wounded.
The howler monkey hits you.
* * * LOW HITPOINT WARNING * * *
You completely miss the ogre.
The ogre is moderately wounded.
The ogre barely misses you.
You hit the ogre.
The ogre is heavily wounded.
The howler monkey hits you.
* * * LOW HITPOINT WARNING * * *
You feel better.
The howler monkey hits you but does no damage.
The ogre hits you with a +0 giant club!
You die...

#)#............#
#............#.#
#####...##.#.#.#
#....#.....#
#..O.#.....####
####.#.........
#.#.....#
#.......###.####
###.#.#O♣hSo....
#.#.#####.####
####.#.#
##....#.#
#..[..#.#
#....>..#
#.....###
##....# ##.#.#


You could see an ogre, a howler monkey, an orc priest and an adder.

Vanquished Creatures
  An ogre (D:4)
  A scorpion (D:3)
  An iguana (D:2)
  6 gnolls (D:4)
  7 adders
  2 worms
  2 dart slugs
  7 ball pythons
  10 endoplasms
  3 giant cockroaches
  7 goblins
  4 hobgoblins
  A jackal (D:3)
  7 quokkas
  8 bats
  5 frilled lizards
  7 kobolds
  7 rats
86 creatures vanquished.

Notes
Turn   | Place    | Note
-------+----------+-------------------------------------------
     0 | D:1      | senseless the Gnoll Shapeshifter began the quest for the
                  | Orb.
     0 | D:1      | Reached XP level 1. HP: 17/17 MP: 1/1
   160 | D:1      | Reached XP level 2. HP: 17/23 MP: 2/2
   585 | D:1      | Reached XP level 3. HP: 28/28 MP: 3/3
   848 | D:2      | Reached skill level 1 in Invocations
   872 | D:2      | Reached skill level 1 in Short Blades
   872 | D:2      | Reached skill level 1 in Long Blades
   872 | D:2      | Reached skill level 1 in Axes
   872 | D:2      | Reached skill level 1 in Maces & Flails
   872 | D:2      | Reached skill level 1 in Polearms
   872 | D:2      | Reached skill level 1 in Staves
   872 | D:2      | Reached skill level 1 in Ranged Weapons
   872 | D:2      | Reached skill level 1 in Throwing
   872 | D:2      | Reached skill level 1 in Armour
   872 | D:2      | Reached skill level 1 in Stealth
   872 | D:2      | Reached skill level 1 in Shields
   872 | D:2      | Reached skill level 1 in Spellcasting
   872 | D:2      | Reached skill level 1 in Evocations
   925 | D:2      | Reached XP level 4. HP: 32/34 MP: 5/5
   971 | D:2      | Found Lugus's Assorted Antiques.
   987 | D:2      | Bought a glowing robe for 92 gold pieces
  1283 | D:2      | Reached skill level 1 in Conjurations
  1283 | D:2      | Reached skill level 1 in Hexes
  1283 | D:2      | Reached skill level 1 in Summonings
  1283 | D:2      | Reached skill level 1 in Necromancy
  1283 | D:2      | Reached skill level 1 in Translocations
  1283 | D:2      | Reached skill level 1 in Transmutations
  1283 | D:2      | Reached skill level 1 in Fire Magic
  1283 | D:2      | Reached skill level 1 in Ice Magic
  1283 | D:2      | Reached skill level 1 in Air Magic
  1283 | D:2      | Reached skill level 1 in Earth Magic
  1283 | D:2      | Reached skill level 1 in Poison Magic
  1366 | D:2      | Found a faded altar of an unknown god.
  1371 | D:2      | Prayed at the altar of an unknown god.
  1371 | D:2      | Became a worshipper of Trog the Wrathful
  1371 | D:2      | Reached * piety under Trog
  1516 | D:2      | Reached XP level 5. HP: 40/40 MP: 5/7
  2183 | D:3      | Found a stormy altar of Qazlal.
  2183 | D:3      | Found an ornate altar of the Wu Jian Council.
  2305 | D:3      | Reached ** piety under Trog
  2510 | D:3      | Found a glowing golden altar of the Shining One.
  2851 | D:4      | Noticed an ogre
  2862 | D:4      | Reached XP level 6. HP: 47/47 MP: 8/8
  3096 | D:4      | Reached skill level 5 in Dodging
  3158 | D:4      | HP: 3/70 [howler monkey (3)]
  3159 | D:4      | Slain by an ogre

Illustrated notes

Levels and vault maps discovered:
D:1:      minmay_arrival_checkered_box, layout_loops_cross, minmay_pentomino_w2
D:2:      minmay_chambers_of_ones, layout_loops_ring, serial_shops,
          nicolae_shop_dealshenge, shapermc_ecumenical_altar_acropolis,
          minmay_randomly_rotated_circles
D:3:      cheibrodos_helix_gallery, layout_basic, tso_oasis_becter,
          gammafunk_temple_overflow_elements, serial_glass, glass_columns_b,
          glass_columns_b, glass_columns_a, glass_columns_a, glass_columns_a,
          glass_columns_a, glass_columns_b, glass_columns_a,
          minmay_strange_pillars, feat_on_display, due_unseen_surprise
D:4:      layout_loops_ring, mainiacjoe_overflow_boulevard,
          nicolae_grassy_gnolls

Skill      XL: |  1  2  3  4  5  6 |
---------------+-------------------+-----
Invocations    | 1 2 |  2.3
Short Blades   | 1 2 |  2.1
Long Blades    | 1 2 |  2.1
Axes           | 1 2 |  2.1
Maces & Flails | 1 2 |  2.1
Polearms       | 1 2 |  2.1
Staves         | 1 2 |  2.1
Ranged Weapons | 1 2 |  2.1
Throwing       | 1 2 |  2.1
Armour         | 1 2 |  2.1
Stealth        | 1 2 |  2.1
Shields        | 1 2 |  2.1
Spellcasting   | 1 2 |  2.1
Evocations     | 1 2 |  2.1
Conjurations   | 1 |  1.7
Hexes          | 1 |  1.7
Summonings     | 1 |  1.7
Necromancy     | 1 |  1.7
Translocations | 1 |  1.7
Transmutations | 1 |  1.7
Fire Magic     | 1 |  1.7
Ice Magic      | 1 |  1.7
Air Magic      | 1 |  1.7
Earth Magic    | 1 |  1.7
Poison Magic   | 1 |  1.7
Fighting       | 3 |  3.3
Dodging        | 5 |  5.0
Unarmed Combat | |  6.9
Shapeshifting  | |  6.8

Action                     |  1- 3 |  4- 6 || total
---------------------------+-------+-------++-------
  Melee: Short sword       |    72 |   197 ||   269
         Bite              |     4 |    24 ||    28
         Unarmed           |     2 |       ||     2
         Punch             |     1 |     7 ||     8
    Use: Scroll            |       |    10 ||    10
         Potion            |       |     4 ||     4
   Stab: Sleeping          |       |     3 ||     3
 Armour: Animal skin       |    10 |       ||    10
         Ring mail         |    15 |     5 ||    20
         Robe              |       |    45 ||    45
         Skin              |       |    11 ||    11
  Dodge: Dodged            |    35 |   124 ||   159

Table legend: (Time is in decaauts)
 A = Elapsed time spent in this place.
 B = Non-inter-level travel time spent in this place.
 C = Inter-level travel time spent in this place.
 D = Time resting spent in this place.
 E = Time spent auto-exploring this place.
 F = Levels seen in this place.
 G = Mean time per level.
                   A        B        C        D        E       F      G
               +--------+--------+--------+--------+--------+-----+--------+
         Total |   3058 |   2900 |    158 |     83 |   2281 |   4 |  764.5 |
       Dungeon |   3058 |   2900 |    158 |     83 |   2281 |   4 |  764.5 |
               +--------+--------+--------+--------+--------+-----+--------+

Top non-repeatable levels by time:
     D:3: 1021 daAuts
     D:2: 947 daAuts
     D:1: 748 daAuts
     D:4: 339 daAuts
